Workbook

Sheet RAZÃO
B2: MORADA DO SOL TURISMO, EVENTOS E PARTICIPAÇÕES S/A
B3: Balancete de Despesas
B4: Período : 01/09/2021 a 30/09/2021
E5: VALOR | F5: DETALHE
B6: IMPOSTOS SOBRE RECEITA BRUTA
C7: 1. | D7: Cofins | E7: ='1.'!D6 -> 1747.5 | F7: abertura
C8: 2. | D8: Pis | E8: ='2.'!D6 -> 378.63 | F8: abertura
B9: SERVIÇOS DE TERCEIROS PESSOA FÍSICA
C10: 3. | D10: Honorários Advocatícios | E10: ='3.'!D9 -> 3000 | F10: abertura
C11: 4. | D11: Prestação de Serviços Pessoa Física | E11: ='4.'!D18 -> 11080.92 | F11: abertura
B12: REMUNERAÇÃO DIRETORIA/CONSELHO/PESSOAL
C13: 5. | D13: Manoel de Araujo Sobrinho | E13: ='5.'!D8 -> 9721.24 | F13: abertura
C14: 5. | D14: Saba José Harb | E14: ='5.'!D9 -> 5000 | F14: abertura
C15: 5. | D15: Carlos Eduardo Delbon | E15: ='5.'!D6 -> 1721.24 | F15: abertura
C16: 5. | D16: Donizete Simioni | E16: ='5.'!D7 -> 1721.24 | F16: abertura
C17: 5. | D17: Juliana Picoli Agatte | E17: ='5.'!D10 -> 1721.24 | F17: abertura
C18: 5. | D18: Nelson Kiyoshi Hisatsuga | E18: ='5.'!D12 -> 1721.24 | F18: abertura
C19: 5. | D19: Sinval Alan Ferreira Silva | E19: ='5.'!D11 -> 1721.24 | F19: abertura
B20: ENCARGOS SOCIAIS
C21: 6. | D21: INSS sobre remuneração Autônomos | E21: ='6.'!D9 -> 2840.86 | F21: abertura
C22: 7. | D22: INSS sobre remuneração Diretores | E22: ='7.'!D8 -> 4665.48 | F22: abertura
B23: GASTOS DIVERSOS
C24: 8. | D24: Honorários Contábeis / Auditoria | E24: ='8.'!D8 -> 1800 | F24: abertura
C25: 9. | D25: Despesa com Informatica/internet | E25: ='9.'!D9 -> 83.7 | F25: abertura
C26: 10. | D26: Despesa Copa/Material Limpesa | E26: ='10.'!D8 -> 156 | F26: abertura
C27: 11. | D27: Despesas de Telefone | E27: ='11.'!D9 -> 231.59 | F27: abertura
C28: 12. | D28: Despesas Diversas | E28: ='12.'!D8 -> 800 | F28: abertura
C29: 13. | D29: Lanches e Refeições | E29: ='13.'!D8 -> 457 | F29: abertura
C30: 14. | D30: Material de Uso/Consumo | E30: ='14.'!D10 -> 274.09 | F30: abertura
C31: 15. | D31: Depreciação | E31: ='15.'!D12 -> 926.62 | F31: abertura
C32: 16. | D32: Depreciação - Imoveis | E32: ='16.'!D9 -> 2743.91 | F32: abertura
B33: DESPESAS/RECEITAS FINANCEIRAS
C34: 17. | D34: Descontos Obtidos | E34: ='17.'!D9 -> -4.03 | F34: abertura
C35: 18. | D35: Despesas Bancárias | E35: ='18.'!D13 -> 45 | F35: abertura
C36: 19. | D36: Encargos s/ Tributos Vencidos | E36: ='19.'!D14 -> 1107.79 | F36: abertura
C37: 20. | D37: IRR s/ Aplicações Financeiras | E37: ='20.'!D8 -> 125.4 | F37: abertura
C38: 21. | D38: CSLL | E38: ='21.'!D8 -> 4948.35 | F38: abertura
C39: 22. | D39: IRPF | E39: ='22.'!D8 -> 8247.26 | F39: abertura
D41: TOTAL | E41: =SUM(E7:E40) -> 68983.51

Sheet 1.
B2: MORADA DO SOL TURISMO, EVENTOS E PARTICIPAÇÕES S/A
B3: Balancete de Despesas
B4: =RAZÃO!B4 -> Período : 01/09/2021 a 30/09/2021
B5: Data | C5: Histórico | D5: Valor
B6: 30/09/2021 | C6: Devido s/receita operacional d/mes | D6: 1747.5 | E6: retorna | F6: docto.

Sheet 2.
B2: MORADA DO SOL TURISMO, EVENTOS E PARTICIPAÇÕES S/A
B3: Balancete de Despesas
B4: =RAZÃO!B4 -> Período : 01/09/2021 a 30/09/2021
B5: Data | C5: Histórico | D5: Valor
B6: 30/09/2021 | C6: Devido s/receita operacional d/mes | D6: 378.63 | E6: retorna | F6: docto.

Sheet 3.
B2: MORADA DO SOL TURISMO, EVENTOS E PARTICIPAÇÕES S/A
B3: Balancete de Despesas
B4: =RAZÃO!B4 -> Período : 01/09/2021 a 30/09/2021
B5: Data | C5: Histórico | D5: Valor
B6: 30/09/21 | C6: Aline Maria Pereira cf. recibo nº 06/2021 | D6: 1700 | F6: docto.
B7: 30/09/21 | C7: Fernanda Cília Marafão Brunetti cf. recibo nº 09/2021 | D7: 1300 | E7: retorna | F7: docto.
C9: Total | D9: =SUM(D6:D8) -> 3000

Sheet 4.
B2: MORADA DO SOL TURISMO, EVENTOS E PARTICIPAÇÕES S/A
B3: Balancete de Despesas
B4: =RAZÃO!B4 -> Período : 01/09/2021 a 30/09/2021
B5: Data | C5: Histórico | D5: Valor
B6: 44469 | C6: Bruna Carolina Ponciano Stievano cf. recibo nº 11/2021 | D6: 1587.65 | F6: docto.
B7: 44469 | C7: Bruna Carolina Ponciano Stievano cf. recibo nº 12/2021 | D7: 112.36 | F7: docto.
B8: 44469 | C8: Catarino Matos Rios cf. recibo nº 05/2021 | D8: 224.72 | F8: docto.
B9: 44469 | C9: Daniela Cristina Caruso dos Santos cf. recibo nº 08/2021 | D9: 1700 | F9: docto.
B10: 44469 | C10: Jefferson Henrique Rosseti cf. recibo nº 06/2021 | D10: 1700 | F10: docto.
B11: 44469 | C11: Luisa Camacho Calvano cf. recibo nº 06/2021 | D11: 1700 | F11: docto.
B12: 44469 | C12: Maria Socorro Beltrão Rodrigues cf. recibo nº 08/2021 | D12: 1700 | F12: docto.
B13: 44469 | C13: Reginalda Maria da Silva cf. recibo nº 05/2021 | D13: 561.8 | F13: docto.
B14: 44469 | C14: Rosária Cristina da Rocha cf. recibo nº 01/2021 | D14: 89.89 | F14: docto.
B15: 44469 | C15: Wesley de Jesus Rios cf. recibo nº 03/2021 | D15: 404.5 | F15: docto.
B16: 44469 | C16: Indiamara Moura Siqueira cf. recibo nº 09/2021 | D16: 1300 | E16: retorna | F16: docto.
C18: Total | D18: =SUM(D6:D17) -> 11080.92

Sheet 5.
B2: MORADA DO SOL TURISMO, EVENTOS E PARTICIPAÇÕES S/A
B3: Balancete de Despesas
B4: =RAZÃO!B4 -> Período : 01/09/2021 a 30/09/2021
B5: Data | C5: Histórico | D5: Valor
B6: 44469 | C6: Honorarios Diretoria Carlos Eduardo Delbon | D6: 1721.24 | F6: docto.
B7: 44469 | C7: Honorarios Diretoria Donizete Simioni | D7: 1721.24 | F7: docto.
B8: 44469 | C8: Honorarios Diretoria Manoel de Araujo Sobrinho | D8: 9721.24 | F8: docto.
B9: 44469 | C9: Honorarios Diretoria Saba Jose Harb | D9: 5000 | F9: docto.
B10: 44469 | C10: Honorarios Conselho Fiscal Juliana Picoli Agatte | D10: 1721.24 | F10: docto.
B11: 44469 | C11: Honorarios Conselho Fiscal Sinval Alan Ferreira silva | D11: 1721.24 | F11: docto.
B12: 44469 | C12: Honorarios Conselho Fiscal Nelson Kiyoshi Hisatsuga | D12: 1721.24 | E12: retorna | F12: docto.
C14: Total | D14: =SUM(D6:D13) -> 23327.44

Sheet 6.
B2: MORADA DO SOL TURISMO, EVENTOS E PARTICIPAÇÕES S/A
B3: Balancete de Despesas
B4: =RAZÃO!B4 -> Período : 01/09/2021 a 30/09/2021
B5: Data | C5: Histórico | D5: Valor
B6: 20/09/21 | C6: INSS pago s/recibo 04/2021 Catarino ( recibo cancelado / valor da retenção ) | D6: 24.72 | F6: docto.
B7: 30/09/21 | C7: Devido s/remuneração autônomos d/mês | D7: 2816.14 | E7: retorna | F7: docto.
C9: Total | D9: =SUM(D6:D8) -> 2840.86

Sheet 7.
B2: MORADA DO SOL TURISMO, EVENTOS E PARTICIPAÇÕES S/A
B3: Balancete de Despesas
B4: =RAZÃO!B4 -> Período : 01/09/2021 a 30/09/2021
B5: Data | C5: Histórico | D5: Valor
B6: 30/09/21 | C6: Devido s/remuneração diretores | D6: 4665.48 | E6: retorna | F6: docto.
C8: Total | D8: =SUM(D6:D7) -> 4665.48

Sheet 8.
B2: MORADA DO SOL TURISMO, EVENTOS E PARTICIPAÇÕES S/A
B3: Balancete de Despesas
B4: =RAZÃO!B4 -> Período : 01/09/2021 a 30/09/2021
B5: Data | C5: Histórico | D5: Valor
B6: 44440 | C6: NF. 2413 Escritório Delta Contábil Ltda | D6: 1800 | E6: retorna | F6: docto.
C8: Total | D8: =SUM(D6:D7) -> 1800

Sheet 9.
B2: MORADA DO SOL TURISMO, EVENTOS E PARTICIPAÇÕES S/A
B3: Balancete de Despesas
B4: =RAZÃO!B4 -> Período : 01/09/2021 a 30/09/2021
B5: Data | C5: Histórico | D5: Valor
B6: 44452 | C6: NF. 5964 Techs Net Eireli - EPP | D6: 83.7 | F6: docto.
E7: retorna
C9: Total | D9: =SUM(D6:D8) -> 83.7

Sheet 10.
B2: MORADA DO SOL TURISMO, EVENTOS E PARTICIPAÇÕES S/A
B3: Balancete de Despesas
B4: =RAZÃO!B4 -> Período : 01/09/2021 a 30/09/2021
B5: Data | C5: Histórico | D5: Valor
B6: 44459 | C6: NF. 1689 A. I. Luiz | D6: 156 | E6: retorna | F6: docto.
C8: Total | D8: =SUM(D6:D7) -> 156

Sheet 11.
B2: MORADA DO SOL TURISMO, EVENTOS E PARTICIPAÇÕES S/A
B3: Balancete de Despesas
B4: =RAZÃO!B4 -> Período : 01/09/2021 a 30/09/2021
B5: Data | C5: Histórico | D5: Valor
B6: 44454 | C6: Pg. Telefônica Brasil S/A ref. 09/2021 cf. comprovante | D6: 231.59 | F6: docto.
E7: retorna
C9: Total | D9: =SUM(D6:D8) -> 231.59

Sheet 12.
B2: MORADA DO SOL TURISMO, EVENTOS E PARTICIPAÇÕES S/A
B3: Balancete de Despesas
B4: =RAZÃO!B4 -> Período : 01/09/2021 a 30/09/2021
B5: Data | C5: Histórico | D5: Valor
B6: 44345 | C6: Pg.NF.(s) 412 Foccus - Topografia Ltda | D6: 800 | E6: retorna | F6: docto.
C8: Total | D8: =SUM(D6:D7) -> 800

Sheet 13.
B2: MORADA DO SOL TURISMO, EVENTOS E PARTICIPAÇÕES S/A
B3: Balancete de Despesas
B4: =RAZÃO!B4 -> Período : 01/09/2021 a 30/09/2021
B5: Data | C5: Histórico | D5: Valor
B6: 44455 | C6: Pg.NF.(s) 21617 Flório & Corvello Ltda | D6: 457 | E6: retorna | F6: docto.
C8: Total | D8: =SUM(D6:D7) -> 457

Sheet 14.
B2: MORADA DO SOL TURISMO, EVENTOS E PARTICIPAÇÕES S/A
B3: Balancete de Despesas
B4: =RAZÃO!B4 -> Período : 01/09/2021 a 30/09/2021
B5: Data | C5: Histórico | D5: Valor
B6: 44441 | C6: Pg. MercadoPago.Com Representações Ltda (Ref. nf. 2713 V. L. Rodrigues Comercial) | D6: 95.78 | F6: docto.
B7: 16/09/213 | C7: Pg. MercadoPago.Com Representações Ltda (Ref. nf. 9615 Karina Indústria e Comércio de Bebedouros) | D7: 149 | F7: docto.
B8: 44466 | C8: Pg. MercadoPago.Com Representações Ltda (Ref. nf. 20579 BJ Máquinas e Utilidades Ltda) | D8: 29.31 | E8: retorna | F8: docto.
C10: Total | D10: =SUM(D6:D9) -> 274.09

Sheet 15.
B2: MORADA DO SOL TURISMO, EVENTOS E PARTICIPAÇÕES S/A
B3: Balancete de Despesas
B4: =RAZÃO!B4 -> Período : 01/09/2021 a 30/09/2021
B5: Data | C5: Histórico | D5: Valor
B6: 44469 | C6: Deprec.equiptos comunicação cf.relatório auxiliar | D6: 15.25 | F6: docto.
B7: 44469 | C7: Deprec.equiptos informática cf.relatório auxiliar | D7: 37.48 | F7: docto.
B8: 44469 | C8: Deprec.maquinas e equiptos cf.relatório auxiliar | D8: 605.34 | F8: docto.
B9: 44469 | C9: Deprec.outras imobilizações cf.relatório auxiliar | D9: 225.42 | F9: docto.
B10: 44469 | C10: Deprec.moveis e utensilios cf.relatório auxiliar | D10: 43.13 | E10: retorna | F10: docto.
C12: Total | D12: =SUM(D6:D11) -> 926.62

Sheet 16.
B2: MORADA DO SOL TURISMO, EVENTOS E PARTICIPAÇÕES S/A
B3: Balancete de Despesas
B4: =RAZÃO!B4 -> Período : 01/09/2021 a 30/09/2021
B5: Data | C5: Histórico | D5: Valor
B6: 44469 | C6: Deprec.acum.c/imóveis (CEAR - edificacao Centro de Eventos) cf.relatório auxiliar | D6: 2374.93 | F6: docto.
B7: 44469 | C7: Deprec.acum.c/imóveis (CEAR - edificacoes) cf.relatório auxiliar | D7: 368.98 | E7: retorna | F7: docto.
C9: Total | D9: =SUM(D6:D8) -> 2743.91

Sheet 17.
B2: MORADA DO SOL TURISMO, EVENTOS E PARTICIPAÇÕES S/A
B3: Balancete de Despesas
B4: =RAZÃO!B4 -> Período : 01/09/2021 a 30/09/2021
B5: Data | C5: Histórico | D5: Valor
B6: 44440 | C6: Valor pago a menor para Carlos Eduardo Delbon | D6: -0.03 | F6: docto.
B7: 44449 | C7: S/nf. 222 Ricardo Cesar Gea Bernar Junior | D7: -4 | E7: retorna | F7: docto.
C9: Total | D9: =SUM(D6:D8) -> -4.03

Sheet 18.
B2: MORADA DO SOL TURISMO, EVENTOS E PARTICIPAÇÕES S/A
B3: Balancete de Despesas
B4: =RAZÃO!B4 -> Período : 01/09/2021 a 30/09/2021
B5: Data | C5: Histórico | D5: Valor
B6: 44440 | C6: Tarifa Manutenção Conta Ativa | D6: 20 | F6: docto.
B7: 44441 | C7: Tarifa Cobrança | D7: 2.5 | F7: docto.
B8: 44459 | C8: Tarifa Cobrança | D8: 7.5 | F8: docto.
B9: 44460 | C9: Tarifa Cobrança | D9: 5 | F9: docto.
B10: 44461 | C10: Tarifa Cobrança | D10: 5 | F10: docto.
B11: 44467 | C11: Tarifa Cobrança | D11: 5 | E11: retorna | F11: docto.
C13: Total | D13: =SUM(D6:D12) -> 45

Sheet 19.
B2: MORADA DO SOL TURISMO, EVENTOS E PARTICIPAÇÕES S/A
B3: Balancete de Despesas
B4: =RAZÃO!B4 -> Período : 01/09/2021 a 30/09/2021
B5: Data | C5: Histórico | D5: Valor
B6: 44469 | C6: Ref. Pis/Cofins/CSLL parcelamento07/60 | D6: 168.27 | F6: docto.
B7: 44469 | C7: Ref. Cofins parcelamento 07/20 | D7: 105.83 | F7: docto.
B8: 44469 | C8: Ref. CSLL parcelamento 07/15 | D8: 103.79 | F8: docto.
B9: 44469 | C9: Ref. CSLL parcelamento 32/36 | D9: 168.22 | F9: docto.
B10: 44469 | C10: Ref. IRPJ parcelamento 07/33 | D10: 103.56 | F10: docto.
B11: 44469 | C11: Ref. IRPJ parcelamento 32/60 | D11: 167.53 | F11: docto.
B12: 44469 | C12: Ref. INSS parcelamento 07/60 | D12: 290.59 | E12: retorna | F12: docto.
C14: Total | D14: =SUM(D6:D13) -> 1107.79

Sheet 20.
B2: MORADA DO SOL TURISMO, EVENTOS E PARTICIPAÇÕES S/A
B3: Balancete de Despesas
B4: =RAZÃO!B4 -> Período : 01/09/2021 a 30/09/2021
B5: Data | C5: Histórico | D5: Valor
B6: 44469 | C6: IRRF s/rendimento RDC d/mês | D6: 125.4 | E6: retorna | F6: docto.
C8: Total | D8: =SUM(D6:D7) -> 125.4

Sheet 21.
B2: MORADA DO SOL TURISMO, EVENTOS E PARTICIPAÇÕES S/A
B3: Balancete de Despesas
B4: =RAZÃO!B4 -> Período : 01/09/2021 a 30/09/2021
B5: Data | C5: Histórico | D5: Valor
B6: 44469 | C6: CSLL devida s/lucro presumido 3º trimestre/2021 | D6: 4948.35 | E6: retorna | F6: docto.
C8: Total | D8: =SUM(D6:D7) -> 4948.35

Sheet 22.
B2: MORADA DO SOL TURISMO, EVENTOS E PARTICIPAÇÕES S/A
B3: Balancete de Despesas
B4: =RAZÃO!B4 -> Período : 01/09/2021 a 30/09/2021
B5: Data | C5: Histórico | D5: Valor
B6: 44469 | C6: IRPJ devido s/lucro presumido 3º trimestre/2021 | D6: 8247.26 | E6: retorna | F6: docto.
C8: Total | D8: =SUM(D6:D7) -> 8247.26
